 Dungeon Crawl Stone Soup version 0.24-a0-355-gbe4061de67 (webtiles) character file.

Game seed: 12572524129192980969

43 Borgoz the Slasher (level 3, -3/31 HPs)
             Began as a Ghoul Monk on May 24, 2019.
             Slain by Sigmund
             ... wielding a +0 scythe
              (10 damage)
             ... on level 2 of the Dungeon.
             The game lasted 00:02:36 (1575 turns).

Borgoz the Slasher (Ghoul Monk)                     Turns: 1575, Time: 00:02:36

Health: -3/31      AC:  6    Str: 14    XL:     3   Next: 58%
Magic:  0/11       EV: 11    Int:  5    God:
Gold:   59         SH:  0    Dex: 12    Spells: 2/2 levels left

rFire    . . .     SeeInvis .   h - +3 short sword
rCold    + . .     Gourm    .   (no shield)
rNeg     + + +     Faith    .   i - +0 ring mail
rPois    ∞         Spirit   +   k - +0 helmet (curse)
rElec    .         Reflect  .   m - scarf {Spirit}
rCorr    .         Harm     .   (no gloves)
MR       .....                  (no boots)
Stlth    +.........             (no amulet)
HPRegen  0.00/turn              e - ring of magical power
MPRegen  0.12/turn              (no ring)

@: very slightly contaminated, rotting, invisible
A: rotting body, claws 1, carnivore, cold resistance 1, negative energy
resistance 3, inhibited regeneration, torment resistance, unbreathing
a: no special abilities


You were on level 2 of the Dungeon.
You were not hungry.

You visited 1 branch of the dungeon, and saw 2 of its levels.

You collected 59 gold pieces.

Inventory:

Hand Weapons
 a - a +0 falchion
 h - a +3 short sword (weapon)
Armour
 i - a +0 ring mail (worn)
 k - a cursed +0 helmet (worn)
 m - a scarf of spirit shield (worn)
Jewellery
 e - a ring of magical power (left claw)
Scrolls
 b - a scroll of random uselessness {unknown}
 d - a scroll of identify {unknown}
 g - 3 scrolls of remove curse {unknown}
 l - a scroll of enchant weapon {unknown}
Comestibles
 c - 3 rations
 n - 2 chunks of flesh


   Skills:
 - Level 3.2 Fighting
 * Level 3.3 Long Blades
 * Level 1.5 Armour
 + Level 3.0 Dodging
 - Level 2.1 Stealth


You had 2 spell levels left.
You didn't know any spells.
Your spell library was empty.

Dungeon Overview and Level Annotations

Branches:
Dungeon (2/15)

Altars:

Annotations:
D:2 Sigmund


Innate Abilities, Weirdness & Mutations

Your body is rotting away.
You thrive on raw meat.
You are immune to poison.
You have sharp fingernails.
You are carnivorous and can eat meat at any time.
Your flesh is cold resistant. (rC+)
You are immune to negative energy. (rN+++)
You do not regenerate when monsters are visible.
You are immune to unholy pain and torment.
You can survive without breathing.


Message History

You hit the leopard gecko but do no damage.
You hit the kobold but do no damage. The kobold closely misses you.
You catch the helpless kobold completely off-guard!
You hit the kobold.
You kill the kobold!
A magic dart appears from out of thin air!
The magic dart hits you.
* * * LOW HITPOINT WARNING * * *
The leopard gecko barely misses you.
You puncture the leopard gecko!
You kill the leopard gecko!
Something hits you!
* * * LOW HITPOINT WARNING * * *
You feel better. Something hits you.
* * * LOW HITPOINT WARNING * * *
Things that are here:
a +0 whip; a stone You miss something.
You miss something. Something hits you!
You die...

........ ....?..### ###
.# .........## #.#
.####
..........###.###.#..^
........#.##........#
........#..÷....#.#
........#..##.#.#.#
..............#.{.#
#(......###.....@######
###.#..## #.####††....#
# #.## #.# #.####....#
#. #.# #.(.#####.. r.
..# #.#...... ... ###
#)....... ....
#..#####. S.S.. #..#
...... ##..#


There were no monsters in sight!

Vanquished Creatures
  An adder (D:2)
  4 leopard geckos
  3 bats (D:1)
  4 goblins
  6 hobgoblins (D:1)
  A frilled lizard (D:1)
  5 kobolds
  3 rats
27 creatures vanquished.

Vanquished Creatures (others)
  A goblin (D:2)
1 creature vanquished.

Grand Total: 28 creatures vanquished

Notes
Turn   | Place    | Note
-------+----------+-------------------------------------------
     0 | D:1      | Borgoz the Ghoul Monk began the quest for the Orb.
     0 | D:1      | Reached XP level 1. HP: 19/19 MP: 0/0
   125 | D:1      | Reached XP level 2. HP: 15/26 MP: 1/1
   391 | D:1      | Reached skill level 1 in Armour
   992 | D:1      | Reached XP level 3. HP: 30/31 MP: 2/2
  1529 | D:2      | Noticed Sigmund
  1575 | D:2      | Slain by Sigmund

Levels and vault maps discovered:
D:1:      tarquinn_simple_flora_water_b, layout_loops_ring, chequers_big_river
D:2:      layout_rooms, uniq_sigmund

Skill      XL: |  1  2  3 |
---------------+----------+-----
Long Blades    | 3 |  3.3
Armour         | 1 |  1.5
Dodging        | 3 |  3.0
Fighting       | |  3.2
Stealth        | |  2.1

Action                   || total
-------------------------++-------
Melee: Falchion          ||    42
       Short sword       ||    42
  Use: Potion            ||     3
 Stab: Sleeping          ||     3
       Invisible         ||     2
  Eat: Chunk             ||     3
Armor: Robe              ||     8
       Ring mail         ||     9
Dodge: Dodged            ||    46
       Rpst.: Falchion   ||     6

Table legend:
 A = Non-vault XP
 B = Vault XP
 C = Vault XP percentage of total XP
 D = Non-vault monster count
 E = Vault monster count
 F = Vault count percentage of total count
                 A         B        C        D         E       F
            +---------+---------+-------+---------+---------+-------
      Total |      62 |       0 |   0.0 |      27 |       0 |   0.0
            +---------+---------+-------+---------+---------+-------
        D:1 |      37 |       0 |   0.0 |      21 |       0 |   0.0
        D:2 |      25 |       0 |   0.0 |       6 |       0 |   0.0
            +---------+---------+-------+---------+---------+-------
